 Dungeon Crawl Stone Soup version 0.28-a0-628-g3c9886e45e (webtiles) character file.

Game seed: 4039751259998881973

44 rogsnak the Magician (level 3, -7/25 HPs)
             Began as a Gnoll Hedge Wizard on Oct 8, 2021.
             Blown up by Ijyb (32 damage)
             ... with a mindburst bolt
             ... on level 3 of the Dungeon.
             The game lasted 00:03:11 (2335 turns).

rogsnak the Magician (Gnoll Hedge Wizard)           Turns: 2335, Time: 00:03:12

Health: -7/25      AC:  2    Str:  9    XL:     3   Next: 60%
Magic:  11/11      EV: 13    Int: 20    God:
Gold:   74         SH:  0    Dex: 11    Spells: 10/16 levels left

rFire   . . .      SeeInvis .   d - +0 mace
rCold   . . .      Faith    .   (no shield)
rNeg    . . .      Spirit   .   b - +0 robe
rPois   .          Reflect  .   c - +0 hat
rElec   .          Harm     .   (no cloak)
rCorr   .          Rampage  .   (no gloves)
Will    .....                   (no boots)
Stlth   ++........              (no amulet)
HPRegen 0.08/turn               o - +6 ring of intelligence
MPRegen 0.12/turn               (no ring)

@: no status effects
A: fangs 1, strong nose, distributed training
a: no special abilities


You were on level 3 of the Dungeon.
You visited 1 branch of the dungeon, and saw 3 of its levels.

You collected 74 gold pieces.

Inventory:

Hand Weapons
 a - a +0 dagger
 d - a +0 mace (weapon)
 l - a +0 hand crossbow
Missiles
 e - 89 stones
 f - 13 arrows
 j - 21 sling bullets
 m - 19 poisoned darts
 r - 30 bolts
Armour
 b - a +0 robe (worn)
 c - a +0 hat (worn)
Jewellery
 o - a +6 ring of intelligence (left hand)
Scrolls
 g - 3 scrolls of identify {unknown}
 h - 2 scrolls of magic mapping {unknown}
 i - 3 scrolls of teleportation {unknown}
 n - a scroll of acquirement {unknown}
Potions
 k - 2 potions of curing {unknown}
 p - a potion of haste {unknown}
 q - a potion of ambrosia {unknown}


   Skills:
 + Level 0.9 Fighting
 + Level 0.9 Short Blades
 + Level 0.9 Long Blades
 + Level 0.9 Axes
 + Level 0.9 Maces & Flails
 + Level 0.9 Polearms
 + Level 0.9 Staves
 + Level 0.9 Slings
 + Level 0.9 Bows
 + Level 0.9 Crossbows
 + Level 0.9 Throwing
 + Level 0.9 Armour
 + Level 4.5 Dodging
 + Level 4.2 Stealth
 + Level 0.9 Shields
 + Level 0.9 Unarmed Combat
 + Level 7.1 Spellcasting
 + Level 2.1 Conjurations
 + Level 0.6 Hexes
 + Level 2.1 Summonings
 + Level 0.6 Necromancy
 + Level 2.1 Translocations
 + Level 0.6 Transmutations
 + Level 0.6 Fire Magic
 + Level 0.6 Ice Magic
 + Level 0.6 Air Magic
 + Level 0.6 Earth Magic
 + Level 0.6 Poison Magic
 + Level 1.0 Invocations
 + Level 0.9 Evocations


You had 10 spell levels left.
You knew the following spells:

 Your Spells              Type           Power      Damage    Failure   Level
a - Magic Dart            Conj           60%        1d6       3%          1
b - Blink                 Tloc           N/A        N/A       6%          2
c - Mephitic Cloud        Conj/Pois/Air  11%        N/A       17%         3

Your spell library contained the following spells:

 Spells                   Type           Power      Damage    Failure   Level
 Call Imp                 Summ           15%        N/A       6%          2
 Slow                     Hex            9%         N/A       11%         2
 Conjure Flame            Conj/Fire      12%        6-21      16%         3
 Iskenderun's Battlesphe  Conj           15%        2d7       71%         5
 Iron Shot                Conj/Erth      6%         9d2       100%        6
 Spellforged Servitor     Conj/Summ      7%         N/A       100%        7


Dungeon Overview and Level Annotations

Branches:
Dungeon (3/15)

Altars:

Shops:
D:2 *

Annotations:
D:3 Ijyb, Sigmund


Innate Abilities, Weirdness & Mutations

You have very sharp teeth.
Your uncanny sense of smell can sniff out nearby items.
Your experience applies equally to all skills.


Message History

Casting: Magic Dart (safe; 3% risk of failure)
Confirm with . or Enter, or press ? or * to list all spells.
Aiming: Magic Dart (safe; 3% risk of failure)
Press: ? - help, Shift-Dir - straight line, f - endoplasm
Aim: an endoplasm (asleep, 100% to hit)
The magic dart hits the endoplasm.
The endoplasm is almost dead.
The endoplasm quivers.
Casting: Magic Dart (safe; 3% risk of failure)
Confirm with . or Enter, or press ? or * to list all spells.
Aiming: Magic Dart (safe; 3% risk of failure)
Press: ? - help, Shift-Dir - straight line, f/p - endoplasm
Aim: an endoplasm (almost dead, 100% to hit)
The magic dart hits the endoplasm.
You kill the endoplasm!
Found a scroll labelled ULYCKU ROIDOCA.
A ball python comes into view.
You see here a scroll labelled ULYCKU ROIDOCA.
A ball python is nearby!
Casting: Magic Dart (safe; 3% risk of failure)
Confirm with . or Enter, or press ? or * to list all spells.
Aiming: Magic Dart (safe; 3% risk of failure)
Press: ? - help, Shift-Dir - straight line, f - ball python
Aim: a ball python (asleep, 100% to hit)
The magic dart hits the ball python.
You kill the ball python!
Casting: Magic Dart (safe; 3% risk of failure)
Confirm with . or Enter, or press ? or * to list all spells.
You can't see any susceptible monsters within range! (Use Z to cast anyway.) Unknown command.
Magic restored.
i - 3 scrolls labelled ULYCKU ROIDOCA (gained 1)
Found a stone staircase leading down.
You open the door.
There is an open door here.
Ijyb the Twisted Goblin comes into view.
She is wielding a +0 dagger, wearing a +2 ring mail of willpower and carrying a wand of mindburst (12).
Ijyb shouts!
You hear an angry hiss.
Ijyb zaps a wand.
Your mind is blasted!
Ouch! That really hurt!
You die...

#.......# #.#
##.#.#### #.#
#.#.###########.#
#...............#
###
###.#############
g... #.# .....
#.# ......###'###
.......@....#
............#
######......#
#......# #......#
∆ #......#
##+#.### ..#


You could see Ijyb.

Vanquished Creatures
  An adder (D:2)
  3 ball pythons
  2 bats
  6 endoplasms
  2 goblins (D:1)
  2 hobgoblins
  4 jackals
  A quokka (D:2)
  3 frilled lizards (D:1)
  A kobold (D:2)
  9 rats
34 creatures vanquished.

Notes
Turn   | Place    | Note
-------+----------+-------------------------------------------
     0 | D:1      | rogsnak the Gnoll Hedge Wizard began the quest for the Orb.
     0 | D:1      | Reached XP level 1. HP: 13/13 MP: 8/8
   203 | D:1      | Reached XP level 2. HP: 19/19 MP: 8/10
   968 | D:2      | Reached XP level 3. HP: 20/25 MP: 3/11
  1034 | D:2      | Learned a level 2 spell: Blink
  1038 | D:2      | Learned a level 3 spell: Mephitic Cloud
  1322 | D:2      | Found Cadegg's General Store.
  1764 | D:2      | Found a faded altar of an unknown god.
  2066 | D:3      | Noticed Sigmund
  2067 | D:3      | Reached skill level 1 in Invocations
  2335 | D:3      | Noticed Ijyb
  2335 | D:3      | Blown up by Ijyb

Illustrated notes

Levels and vault maps discovered:
D:1:      evilmike_arrival_rings, layout_rooms, nrook_mini_vaults,
          minmay_tromino_v4_b
D:2:      layout_basic, serial_shops, nicolae_square_shop, serial_curves,
          eino_curves_02, eino_curves_03,
          shapermc_ecumenical_altar_totnotflames, kennysheep_generic_room_10
D:3:      layout_basic, uniq_grinder, uniq_sigmund, uniq_ijyb

Skill      XL: |  1  2  3 |
---------------+----------+-----
Conjurations   | 2 |  2.1
Summonings     | 2 |  2.1
Translocations | 2 |  2.1
Invocations    | 1 |  1.0
Fighting       | |  0.9
Short Blades   | |  0.9
Long Blades    | |  0.9
Axes           | |  0.9
Maces & Flails | |  0.9
Polearms       | |  0.9
Staves         | |  0.9
Slings         | |  0.9
Bows           | |  0.9
Crossbows      | |  0.9
Throwing       | |  0.9
Armour         | |  0.9
Dodging        | |  4.5
Stealth        | |  4.2
Shields        | |  0.9
Unarmed Combat | |  0.9
Spellcasting   | |  7.1
Hexes          | |  0.6
Necromancy     | |  0.6
Transmutations | |  0.6
Fire Magic     | |  0.6
Ice Magic      | |  0.6
Air Magic      | |  0.6
Earth Magic    | |  0.6
Poison Magic   | |  0.6
Evocations     | |  0.9

Action                   || total
-------------------------++-------
Melee: Mace              ||     8
 Cast: Magic Dart        ||    69
       Mephitic Cloud    ||     1
Armor: Robe              ||     5
Dodge: Dodged            ||    12

Table legend: (Time is in decaauts)
 A = Elapsed time spent in this place.
 B = Non-inter-level travel time spent in this place.
 C = Inter-level travel time spent in this place.
 D = Time resting spent in this place.
 E = Time spent auto-exploring this place.
 F = Levels seen in this place.
 G = Mean time per level.
                   A        B        C        D        E       F      G
               +--------+--------+--------+--------+--------+-----+--------+
         Total |   2337 |   2274 |     63 |    305 |   1600 |   3 |  779.0 |
       Dungeon |   2337 |   2274 |     63 |    305 |   1600 |   3 |  779.0 |
               +--------+--------+--------+--------+--------+-----+--------+

Top non-repeatable levels by time:
     D:2: 1211 daAuts
     D:1: 941 daAuts
     D:3: 184 daAuts
